 Dungeon Crawl Stone Soup version 0.19-a0-231-gae044c8 (webtiles) character file.

207 esc the Magician (level 5, -7/29 HPs)
             Began as a Deep Elf Fire Elementalist on May 24, 2016.
             Killed by divine providence
             ... invoked by an orc priest
              (15 damage)
             ... on level 5 of the Dungeon.
             The game lasted 00:12:43 (4349 turns).

esc the Magician (Deep Elf Fire Elementalist)       Turns: 4349, Time: 00:12:44

Health: -7/29      AC:  2    Str:  5    XL:     5   Next: 54%
Magic:  2/13       EV: 13    Int: 21    God:
Gold:   137        SH:  0    Dex: 15    Spells: 2 memorised, 10 levels left

rFire  . . .     SeeInvis .     d - +1 short sword
rCold  . . .     Gourm    .     a - +0 robe
rNeg   . . .     Faith    .     (no shield)
rPois  .         Spirit   .     (no helmet)
rElec  .         Dismiss  .     (no cloak)
rCorr  .         Reflect  .     (no gloves)
SustAt .         Harm     .     (no boots)
MR     .....     Rnd*Tele +     h - amulet of inaccuracy (curse)
Stlth  ++........               (no ring)
                                l - ring of teleportation (curse) {+/*tele, !d}

@: lethally poisoned (-7 -> -9), about to teleport, not resistant to hostile
enchantments, unstealthy
A: no striking features
a: no special abilities


You were on level 5 of the Dungeon.
You were not hungry.

You visited 1 branch of the dungeon, and saw 5 of its levels.

You collected 137 gold pieces.

Inventory:

Hand Weapons
 d - a +1 short sword (weapon)
   (You took it off a kobold on level 1 of the Dungeon)
Missiles
 e - 33 stones (quivered)
 k - a throwing net {=f, !d}
Armour
 a - a +0 robe (worn)
 m - a +2 ring mail of magic resistance
   (You took it off an orc on level 3 of the Dungeon)
Jewellery
 h - a cursed amulet of inaccuracy (around neck)
   (You found it on level 2 of the Dungeon)
 l - a cursed ring of teleportation (left hand) {+/*tele, !d}
   (You found it on level 2 of the Dungeon)
Scrolls
 f - a scroll of teleportation
 i - 2 scrolls of identify
 j - a scroll of magic mapping {!r}
Potions
 g - a potion of haste
 n - a potion of berserk rage {!q}
Books
 b - a book of Flames
Comestibles
 c - 4 bread rations {@e1}
 o - 3 chunks of flesh {@w0}


   Skills:
 - Level 1.4 Fighting
 + Level 1.2 Short Blades
 - Level 3.2 Dodging
 - Level 2.4 Stealth
 + Level 4.5 Spellcasting
 + Level 2.9 Conjurations
 + Level 4.2 Fire Magic


You had 10 spell levels left.
You knew the following spells:

 Your Spells              Type           Power        Failure   Level  Hunger
a - Flame Tongue          Conj/Fire      ###..        2%          1    None
x - Throw Flame           Conj/Fire      ###...       4%          2    #......


Dungeon Overview and Level Annotations

Branches:
Dungeon (5/15)
 Temple: D:4-7

Altars:
Nemelex Xobeh
Pakellas
Ru
Trog
Ukayaw
Zin
The Shining One

Annotations:
D:4 Sigmund


Message History

Found a scroll of identify, 22 stones and a beef jerky.
Found a glowing silver altar of Zin.
A giant newt and an adder come into view.
You cannot cast spells when silenced!
You barely miss the giant newt.
The giant newt bites you but does no damage.
You completely miss the giant newt.
Your hearing returns.
The giant newt closely misses you. The giant newt bites you.
You take 2 damage, and have 16/29 hp.
Aim: a giant newt The flame tongue misses the giant newt.
You hear the slow hiss of a distant avalanche of sand.
The giant newt barely misses you.
You now have 9/13 mp.
Aim: a giant newt The flame tongue misses the giant newt.
The giant newt bites you.
You take 1 damage, and have 16/29 hp.
You now have 8/13 mp.
Aim: a giant newt The flame tongue hits the giant newt.
You kill the giant newt!
You now have 7/13 mp.
You see here a giant newt corpse.
You butcher the giant newt corpse.
o - a chunk of flesh {@w0}
f - 2 scrolls of teleportation (gained 1)
p - a scroll labeled CUQEIWNENWU Read which item? (? for menu, Esc to quit)
As you read the scroll labeled CUQEIWNENWU, it crumbles to dust.
It is a scroll of amnesia.
Forget which spell ([?*] list [ESC] exit)?
Forget which spell ([?*] list [ESC] exit)?
Okay, then.
Unknown command.
You start resting.
You hear a distant blaring wail to the northwest.
You hear a distant blaring wail to the southwest.
You regained 3 hp, and now have 20/29 hp.
MP restored: 13
Aim: an adder (hasn't noticed you)
The puff of flame hits the adder.
You hear the slow hiss of a distant avalanche of sand.
You now have 11/13 mp.
Aim: an adder (heavily wounded)
The puff of flame misses the adder.
You now have 9/13 mp.
Aim: an adder (heavily wounded)
The puff of flame hits the adder.
You now have 7/13 mp.
Aim: an adder (almost dead)
The flame tongue misses the adder.
You now have 6/13 mp.
Aim: an adder (almost dead)
The flame tongue misses the adder.
The adder closely misses you.
You now have 5/13 mp.
Aim: an adder (almost dead)
The flame tongue misses the adder.
The adder bites you.
You are poisoned.
The adder poisons you!
You now have 4/13 mp.
Aim: an adder (almost dead)
The flame tongue misses the adder.
You feel sick. The adder completely misses you. The adder barely misses you.
You take 1 damage, and have 19/29 hp.
Aim: an adder (almost dead)
The flame tongue misses the adder.
You feel sick. The adder barely misses you.
You take 1 damage, and have 18/29 hp.
You now have 3/13 mp.
Aim: an adder (almost dead)
The flame tongue hits the adder.
You kill the adder!
You now have 2/13 mp.
You see here an adder corpse.
You butcher the adder corpse.
You feel sick.
You see here 2 chunks of flesh {@w0}.
You take 1 damage, and have 17/29 hp.
An orc is nearby!
Aim: an orc, wearing a leather armour The flame tongue hits the orc.
You kill the orc!
You now have 1/13 mp.
o - 3 chunks of flesh {@w0} (gained 2)
You feel sick.
You take 1 damage, and have 16/29 hp.
A giant frog skeleton comes into view.
The orc priest shouts!
You feel sick.
You see here a long sword.
You feel sick. The giant frog skeleton hits you!
* * * LOW HITPOINT WARNING * * *
You take 8 damage, and have 8/29 hp.
MASSIVE DAMAGE!!
Sorry, you're not good enough to have a special ability.
Read which item? (? for menu, Esc to quit)
As you read the scroll of teleportation, it crumbles to dust.
You feel strangely unstable.
The giant frog skeleton barely misses you.
The orc priest calls down the wrath of Beogh upon you.
Beogh smites you!
Ouch! That really hurt!
You die...

####.##.##+
###.........
...+.......... #.#
....... .. #.#
..... .. #.# ...
.### #.# #.# ..#
..# #.# #.#
..#####.# #@#
..##....#. #Z#
...+....#.. #)#
...#....#... #.#
...######..o.###o#
...# #[...########
...# #.#..........
.... #.#..........
.... #.#..........


You could see an orc priest and a giant frog skeleton.

Vanquished Creatures
  Terence (D:2)
  2 worker ants (D:4)
  A hound zombie (D:5)
  2 adders
  2 oozes (D:3)
  A worm (D:3)
  3 dart slugs
  A giant gecko (D:3)
  14 orcs
  2 giant cockroaches
  6 goblins
  7 hobgoblins
  8 jackals
  11 kobolds
  A quokka (D:3)
  3 bats
  A giant newt (D:5)
  6 rats
72 creatures vanquished.

Notes
Turn   | Place    | Note
--------------------------------------------------------------
     0 | D:1      | esc the Deep Elf Fire Elementalist began the quest for the Orb.
     0 | D:1      | Reached XP level 1. HP: 10/10 MP: 6/6
   244 | D:1      | Reached XP level 2. HP: 10/16 MP: 4/8
   489 | D:1      | HP: 4/16 [jackal (2)]
   495 | D:1      | HP: 3/16 [jackal (2)]
   772 | D:1      | Reached skill level 1 in Fighting
  1092 | D:1      | Reached XP level 3. HP: 20/20 MP: 7/10
  1689 | D:2      | Noticed Terence
  1695 | D:2      | Learned a level 2 spell: Throw Flame
  1734 | D:2      | Found a sparkling altar of Nemelex Xobeh.
  1788 | D:2      | Killed Terence
  1788 | D:2      | Reached skill level 2 in Conjurations
  2046 | D:2      | Reached XP level 4. HP: 25/25 MP: 9/11
  2291 | D:2      | You fall through a shaft!
  2671 | D:2      | Found a glowing golden altar of the Shining One.
  2675 | D:2      | Reached skill level 3 in Dodging
  2746 | D:3      | Reached skill level 4 in Spellcasting
  2795 | D:3      | HP: 6/25 [orc/trident (1)]
  3742 | D:3      | Found a hide-covered altar to Ukayaw.
  3742 | D:3      | Found a sacrificial altar of Ru.
  3743 | D:3      | Found a bloodstained altar of Trog.
  3744 | D:3      | Found an oddly glowing altar of Pakellas.
  3850 | D:4      | Reached skill level 4 in Fire Magic
  3946 | D:4      | Reached XP level 5. HP: 29/29 MP: 9/13
  4212 | D:4      | Noticed Sigmund
  4227 | D:5      | Entered Level 5 of the Dungeon
  4259 | D:5      | Reached skill level 1 in Short Blades
  4272 | D:5      | Found a glowing silver altar of Zin.
  4273 | D:5      | Noticed an angel
  4349 | D:5      | Killed from afar by an orc priest

Vault maps used:
D:1:      elethiomel_arrival_shortcut, minmay_misc_feat_tower,
          hangedman_decor_diamond_cutter, kennysheep_small_spiral
D:2:      nicolae_tso_swordbearing_angel, overflow_temple_1_default,
          uniq_terence
D:3:      minitemple
D:4:      nicolae_dithmenos_shadow_blocks, serial_glass, glass_columns_c,
          glass_columns_a, first_bread, roderic_lattice_a, uniq_duvessa,
          uniq_blork_the_orc, uniq_sigmund
D:5:      grunt_temple_overflow_order_and_chaos_1, enter_ossuary_2

Skill      XL: |  1  2  3  4  5 |
---------------+----------------+-----
Fighting       | 1 |  1.4
Conjurations   | 2 |  2.9
Dodging        | 3 |  3.2
Spellcasting   | 4 |  4.5
Fire Magic     | 4 |  4.2
Short Blades   | 1 |  1.2
Stealth        | |  2.4

Action                   |  1- 3 |  4- 6 || total
-------------------------+-------+-------++-------
Melee: Unarmed           |     1 |       ||     1
       Short sword       |    37 |    39 ||    76
       Rapier            |     2 |       ||     2
 Cast: Flame Tongue      |    58 |    67 ||   125
       Throw Flame       |     2 |    31 ||    33
  Use: Scroll            |     5 |     6 ||    11
       Potion            |     1 |     1 ||     2
  Eat: Chunk             |     3 |     6 ||     9
       Royal jelly       |       |     1 ||     1
Armor: Robe              |     6 |     6 ||    12
       Skin              |    22 |       ||    22
Dodge: Dodged            |    34 |    47 ||    81

Vault maps used:
D:1:      elethiomel_arrival_shortcut, minmay_misc_feat_tower,
          hangedman_decor_diamond_cutter, kennysheep_small_spiral
D:2:      nicolae_tso_swordbearing_angel, overflow_temple_1_default,
          uniq_terence
D:3:      minitemple
D:4:      nicolae_dithmenos_shadow_blocks, serial_glass, glass_columns_c,
          glass_columns_a, first_bread, roderic_lattice_a, uniq_duvessa,
          uniq_blork_the_orc, uniq_sigmund
D:5:      grunt_temple_overflow_order_and_chaos_1, enter_ossuary_2

Table legend:
 A = Turns spent in this place as a percentage of turns spent in the entire game.
 B = Non-inter-level travel turns spent in this place as a percentage of non-inter-level travel turns spent in the entire game.
 C = Inter-level travel turns spent in this place as a percentage of turns spent in this place.
 D = Turns resting spent in this place as a percentage of non-inter-level travel turns spent in this place.
 E = Turns spent auto-exploring this place as a percentage of non-inter-level travel turns spent in this place.
 F = Non-inter-level travel turns spent in this place divided by the number of levels of this place that you've seen.
                   A       B       C       D       E      F
               +-------+-------+-------+-------+-------+----------------------
         Total | 100.0 | 100.0 |   0.6 |   8.7 |   9.8 | 156.6
       Dungeon | 100.0 | 100.0 |   0.6 |   8.7 |   9.8 | 156.6
               +-------+-------+-------+-------+-------+----------------------

Table legend:
 A = Kills in this place as a percentage of kills in entire the game.
 B = Kills by you in this place as a percentage of kills by you in the entire game.
 C = Kills by friends in this place as a percentage of kills by friends in the entire game.
 D = Other kills in this place as a percentage of other kills in the entire game.
 E = Experience gained in this place as a percentage of experience gained in the entire game.
 F = Experience gained in this place divided by the number of levels of this place that you have seen.
                   A       B       C       D       E      F
               +-------+-------+-------+-------+-------+----------------------
         Total | 100.0 | 100.0 |  -nan |  -nan | 100.0 |  59.4
       Dungeon | 100.0 | 100.0 |  -nan |  -nan | 100.0 |  59.4
               +-------+-------+-------+-------+-------+----------------------
